 Dungeon Crawl Stone Soup version 0.21-a0-518-g43a1781 (webtiles) character file.

6472 4thArraOfDagon the Cleaver (level 10, -17/88 HPs)
             Began as a Minotaur Abyssal Knight on Dec 4, 2017.
             Was an Elder of Lugonu.
             Shot with an arrow by Nessos (21 damage)
             ... on level 12 of the Dungeon.
             The game lasted 00:12:51 (3359 turns).

4thArraOfDagon the Cleaver (MiAK)                   Turns: 3359, Time: 00:12:52

Health: -17/88     AC:  9    Str: 16    XL:     10   Next: 68%
Magic:  15/15      EV: 10    Int: 12    God:    Lugonu [****..]
Gold:   359        SH:  0    Dex: 11    Spells: 9/9 levels left

rFire    . . .     SeeInvis +   g - +4 war axe
rCold    . . .     Gourm    .   (no shield)
rNeg     . . .     Faith    .   E - +0 scale mail {rPois}
rPois    +         Spirit   .   (helmet restricted)
rElec    .         Reflect  .   (no cloak)
rCorr    .         Harm     .   e - +0 pair of gloves
MR       .....                  (no boots)
Stlth    ..........             (no amulet)
HPRegen  0.24/turn              p - ring of see invisible
MPRegen  0.14/turn              (no ring)

@: lethally poisoned (-17 -> -25)
A: retaliatory headbutt, horns 2, shaggy fur 1, wild magic 1
a: Depart the Abyss, Bend Space, Banish, Corrupt, Renounce Religion


You were on level 12 of the Dungeon.
You worshipped Lugonu.
Lugonu was greatly pleased with you.
You were hungry.

You visited 1 branch of the dungeon, and saw 12 of its levels.
You visited the Abyss 1 time.
You also visited: Ossuary.

You collected 359 gold pieces.

Inventory:

Hand Weapons
 a - a +1 hand axe
 g - a +4 war axe (weapon)
 j - a +0 war axe
Missiles
 v - 6 javelins (quivered)
 D - 8 poisoned javelins
Armour
 b - a +0 leather armour
 e - a +0 pair of gloves (worn)
 k - a +0 chain mail
 o - a +0 ring mail
 E - a +0 scale mail of poison resistance (worn)
Jewellery
 p - a ring of see invisible (left hand)
Wands
 r - a wand of digging (7)
 z - a wand of acid (1)
 F - a wand of polymorph (4)
Scrolls
 d - 4 scrolls of immolation
 i - a scroll of fog
 l - 3 scrolls of remove curse
 n - 2 scrolls of enchant weapon
 q - 4 scrolls of teleportation
 y - 2 scrolls of magic mapping
 C - a scroll of identify
Potions
 c - a potion of invisibility
 f - 3 potions of curing
 h - a potion of magic
 s - 3 potions of resistance
 t - a potion of mutation
 u - a potion of brilliance
 A - a potion of heal wounds
 G - a potion of flight
Comestibles
 m - 6 meat rations
 x - 2 bread rations
 B - 9 royal jellies


   Skills:
 - Level 8.0 Fighting
 * Level 13.9 Axes
 - Level 4.0 Armour
 - Level 3.0 Dodging
 + Level 8.7 Invocations


You had 9 spell levels left.
You didn't know any spells.

Dungeon Overview and Level Annotations

Branches:
Dungeon (12/15)               Orc (0/2) D:9
 Temple: D:4-7         Lair: D:8-11

Altars:
Cheibriados
Elyvilon
Hepliaklqana
Kikubaaqudgha
Nemelex Xobeh
Ru
Sif Muna
Wu Jian
Zin
The Shining One

Shops:
D:5 (

Annotations:
D:11 Nergalle
D:12 Nessos
Abyss:1 Psyche


Innate Abilities, Weirdness & Mutations

You reflexively headbutt those who attack you in melee.
You have a pair of horns on your head.
You are covered in fur. (AC +1)
Your spells are a little harder to cast, but a little more powerful.


Message History

Unknown command.
Evoke which item? (* to show all) (? for menu, Esc to quit)
Aiming: Polymorph
Press: ? - help, Shift-Dir - straight line, f/p - Nessos
Aim: Nessos, wielding a longbow of flaming and wearing a glowing centaur barding (chance to defeat MR: 46%) Nessos resists with some effort.
You feel sick.
Nessos shoots an arrow.
The arrow hits you!
* * * LOW HITPOINT WARNING * * *
The arrow burns you.
* * * LOW HITPOINT WARNING * * *
Unknown command.
Unknown command.
Evoke which item? (* to show all) (? for menu, Esc to quit)
Aiming: Polymorph
Press: ? - help, Shift-Dir - straight line, f/p - Nessos
Aim: Nessos, wielding a longbow of flaming and wearing a glowing centaur barding (chance to defeat MR: 46%) Nessos resists with some effort.
* * * LOW HITPOINT WARNING * * *
You feel sick.
Nessos shoots an arrow.
The arrow hits you!!
You die...

#......c....
#...........#
#...........#
#...........#
#...........#
#...........#
#...........#
#...@.......#
+...........#
#...........#
#######'#####
#.# #.# #.#
#.# #.#


You could see Nessos.

Vanquished Creatures
  A centaur warrior (D:10)
  A troll (D:12)
  4 hippogriffs
  A vampire (D:12)
  6 yaks (D:11)
  An orc warrior (D:10)
  An ice beast (D:9)
  2 phantoms
  An eye of draining (D:9)
  3 ogres
  3 centaurs
  A crocodile (D:10)
  5 bullfrogs
  4 water moccasin zombies (Ossuary)
  A scorpion (D:10)
  2 howler monkeys (D:10)
  2 crimson imps
  A bullfrog zombie (D:10)
  A quasit (D:7)
  A centaur zombie (D:11)
  3 bullfrog skeletons
  3 jellies (D:9)
  3 orc priests
  A centaur skeleton (D:12)
  An iguana (D:10)
  A worker ant (D:9)
  4 orc wizards
  A big kobold zombie (Ossuary)
  A hound zombie (D:5)
  3 mummies
  A howler monkey zombie (D:5)
  A worker ant zombie (D:7)
  5 adders
  3 shadow imps
  5 oozes (D:9)
  3 adder skeletons
  6 adder zombies
  A worm (D:5)
  A dart slug (D:3)
  2 leopard geckos
  23 orcs
  A giant cockroach (D:2)
  2 goblins
  2 hobgoblins (D:3)
  7 jackals
  A kobold (D:1)
  2 quokkas
  A ball python (D:6)
  2 bats
  2 frilled lizards
  3 gnoll zombies (Ossuary)
  A goblin skeleton (D:7)
  6 hobgoblin zombies
  A jackal zombie (D:7)
  A kobold skeleton (D:7)
  8 kobold zombies
  6 orc zombies
  2 quokka skeletons
  2 rats (D:2)
164 creatures vanquished.

Vanquished Creatures (others)
  The ghost of anything the Transmogrifier, a journeyman OpTm of Gozag (D:10)
  A two-headed ogre (D:12)
  A manticore (D:11)
  A howler monkey (D:10)
4 creatures vanquished.

Grand Total: 168 creatures vanquished

Notes
Turn   | Place    | Note
-------+----------+-------------------------------------------
     0 | Abyss:1  | 4thArraOfDagon the Minotaur Abyssal Knight began the quest for the Orb.
     0 | Abyss:1  | Reached XP level 1. HP: 19/19 MP: 1/1
    27 | Abyss:1  | Noticed a large abomination
    29 | Abyss:1  | Noticed a tentacled starspawn
    33 | Abyss:1  | Noticed an ancient zyme
    35 | D:1      | Escaped the Abyss
    68 | D:1      | Reached * piety under Lugonu
   102 | D:2      | Found an ornate altar of the Wu Jian Council.
   102 | D:2      | Found a snail-covered altar of Cheibriados.
   102 | D:2      | Found a deep blue altar of Sif Muna.
   103 | D:2      | Found a sacrificial altar of Ru.
   118 | D:2      | Reached XP level 2. HP: 21/27 MP: 2/2
   165 | D:2      | Reached skill level 3 in Axes
   208 | D:2      | Found an ancient bone altar of Kikubaaqudgha.
   365 | D:3      | Reached XP level 3. HP: 32/33 MP: 3/3
   397 | D:2      | Found a glowing silver altar of Zin.
   495 | D:4      | Noticed an ogre
   500 | D:4      | Killed an ogre
   500 | D:4      | Reached skill level 4 in Axes
   500 | D:4      | Reached XP level 4. HP: 40/40 MP: 4/4
   511 | D:5      | Entered Level 5 of the Dungeon
   534 | D:5      | Reached XP level 5. HP: 39/46 MP: 5/5
   655 | D:5      | Found Vog Zeko's Weapon Shoppe.
   921 | D:7      | Noticed a centaur
   929 | D:7      | Killed a centaur
   929 | D:7      | Reached ** piety under Lugonu
   929 | D:7      | Reached skill level 5 in Axes
   929 | D:7      | Reached XP level 6. HP: 17/53 MP: 7/7
   941 | D:7      | Gained mutation: You are covered in fur. (AC +1) [potion of mutation]
   941 | D:7      | Gained mutation: Your spells are a little harder to cast, but a little more powerful. [potion of mutation]
   958 | D:7      | Found a glowing golden altar of the Shining One.
  1038 | D:7      | Noticed an orc warrior
  1095 | D:7      | Reached skill level 5 in Fighting
  1111 | D:7      | Reached XP level 7. HP: 21/61 MP: 8/8
  1139 | D:7      | Reached skill level 6 in Axes
  1262 | D:8      | Found a sand-covered staircase.
  1274 | Ossuary  | Entered an ossuary
  1290 | Ossuary  | Reached skill level 7 in Axes
  1323 | Ossuary  | Reached *** piety under Lugonu
  1358 | Ossuary  | Reached XP level 8. HP: 20/70 MP: 10/10
  1769 | D:9      | Reached skill level 8 in Axes
  1828 | D:10     | Entered Level 10 of the Dungeon
  1883 | D:10     | Noticed a hippogriff
  2157 | D:10     | Killed a hippogriff
  2157 | D:10     | Reached skill level 5 in Invocations
  2181 | D:10     | Reached skill level 9 in Axes
  2252 | D:10     | Noticed a centaur warrior
  2270 | D:10     | Killed a centaur warrior
  2270 | D:10     | Reached skill level 10 in Axes
  2270 | D:10     | Reached XP level 9. HP: 41/81 MP: 10/12
  2296 | D:10     | Noticed anything's ghost (journeyman OpTm)
  2312 | D:10     | Banished anything's ghost
  2338 | D:10     | Noticed Psyche
  2340 | D:10     | Banished Psyche
  2340 | D:10     | Reached skill level 11 in Axes
  2506 | D:9      | Reached skill level 12 in Axes
  2516 | D:9      | Found a sparkling altar of Nemelex Xobeh.
  2538 | D:9      | Found a hazy altar of Hepliaklqana.
  2554 | D:9      | Reached **** piety under Lugonu
  2708 | D:9      | Reached XP level 10. HP: 29/88 MP: 8/14
  2895 | D:11     | Noticed Nergalle
  2896 | D:11     | Reached skill level 13 in Axes
  2989 | D:11     | Found a white marble altar of Elyvilon.
  2991 | D:11     | Noticed a manticore
  2992 | D:11     | Banished a manticore
  3014 | D:12     | Noticed a two-headed ogre
  3016 | D:12     | Banished a two-headed ogre
  3329 | D:12     | Noticed a two-headed ogre
  3330 | D:12     | Banished a two-headed ogre
  3355 | D:12     | Noticed Nessos
  3359 | D:12     | HP: 4/88 [poisoned by Nessos]
  3359 | D:12     | Shot with an arrow by Nessos

Vault maps used:
D:1:      onia_arrival_pentagram
D:2:      lemuel_round_altar, chequers_temple_overflow_statue_of_worship,
          kiku_gazebo_garden_becter, first_bread
D:3:      overflow_temple_1_default, uniq_terence, uniq_jessica
D:4:      ashenzari_conservatory_becter, serial_shops, nicolae_shop_trees,
          hangedman_abyss_or_decor_passed, uniq_duvessa
D:5:      temple_statues, serial_shops, shop_statue
D:6:      uniq_menkaure
D:7:      lemuel_ice_statue, nicolae_tso_besieged_by_evil
D:8:      gup_ossuary_entry_pyramid, serial_shops, kennysheep_mini
D:9:      old_standard_altar, orc_0_dummy, basic_altar,
          hangedman_little_slice_of_home
D:10:     uniq_psyche
D:11:     minmay_lair_entry_lava, basic_altar, serial_shops, bzr_entry_safe,
          nicolae_blasting_shop, uniq_snorg, uniq_fannar, uniq_nergalle
D:12:     uniq_nessos
Ossuary:  ossuary_tomb_2

Skill      XL: |  1  2  3  4  5  6  7  8  9 10 |
---------------+-------------------------------+-----
Axes           | 3 4 5 7 10 12 13 | 13.9
Invocations    | 2 3 4 5 7 8 |  8.7
Fighting       | 4 5 6 7 8 |  8.0
Armour         | 3 4 |  4.0
Dodging        | 2 3 |  3.0

Action                   |  1- 3 |  4- 6 |  7- 9 | 10-12 || total
-------------------------+-------+-------+-------+-------++-------
Melee: Hand axe          |    24 |       |       |       ||    24
       Headbutt          |     2 |    10 |    39 |    19 ||    70
       War axe           |    10 |    75 |   241 |    75 ||   401
Invok: Depart the Abyss  |     1 |       |       |       ||     1
       Banish            |       |       |     2 |     4 ||     6
Evoke: Wand              |       |     1 |    15 |    15 ||    31
  Use: Potion            |     3 |     2 |     3 |       ||     8
       Scroll            |       |       |    12 |     1 ||    13
 Stab: Sleeping          |       |     1 |       |       ||     1
       Invisible         |       |       |     1 |       ||     1
  Eat: Chunk             |       |       |     2 |       ||     2
       Bread ration      |       |       |     1 |       ||     1
       Royal jelly       |       |       |     2 |       ||     2
Armor: Leather armour    |    12 |       |       |       ||    12
       Ring mail         |       |    46 |    51 |       ||    97
       Chain mail        |       |       |    40 |    11 ||    51
       Scale mail        |       |       |       |    10 ||    10
Dodge: Dodged            |    27 |    79 |   115 |    30 ||   251

Table legend:
 A = Spawn XP
 B = Non-spawn XP
 C = Spawn XP percentage of total XP
 D = Spawn monster count
 E = Non-spawn monster count
 F = Spawn count percentage of total count
 G = Total turns spent on level
                    A         B        C        D         E        F      G
               +---------+---------+-------+---------+---------+-------+---------
         Total |       0 |    9247 |   0.0 |       0 |     170 |   0.0 |  3359
               +---------+---------+-------+---------+---------+-------+---------
           D:1 |       0 |      11 |   0.0 |       0 |       6 |   0.0 |   102
           D:2 |       0 |      34 |   0.0 |       0 |       7 |   0.0 |   256
           D:3 |       0 |      25 |   0.0 |       0 |       6 |   0.0 |   102
           D:4 |       0 |     119 |   0.0 |       0 |       2 |   0.0 |    45
           D:5 |       0 |     184 |   0.0 |       0 |      11 |   0.0 |   283
           D:6 |       0 |       9 |   0.0 |       0 |       3 |   0.0 |   165
           D:7 |       0 |     438 |   0.0 |       0 |      22 |   0.0 |   196
           D:8 |       0 |     360 |   0.0 |       0 |      11 |   0.0 |   237
           D:9 |       0 |    1032 |   0.0 |       0 |      20 |   0.0 |   337
          D:10 |       0 |    3415 |   0.0 |       0 |      28 |   0.0 |   778
          D:11 |       0 |    1505 |   0.0 |       0 |      10 |   0.0 |   119
          D:12 |       0 |    1690 |   0.0 |       0 |      16 |   0.0 |   360
       Ossuary |       0 |     425 |   0.0 |       0 |      28 |   0.0 |   344
               +---------+---------+-------+---------+---------+-------+---------
